Map: Acid Plant LE

Players

Infamous - Winner!

  • Race: Protoss Protoss
  • League: Silver
  • Spawn Location: 5:00

RedPyro

  • Race: Terran Terran
  • Spawn Location: 11:00

VOD

Have the link to the VOD?

Description

Time

  • Played on: March 21, 2018, 7:17 p.m.
  • Length: 8:34
Show
View Real Time Build Order
Export as new Build Order

Infamous Protoss - Winner!

Build Orders:  

Get SALT Encoding   

  12  0:01  Probe  
  13  0:14  Probe  
  14  0:18  Pylon  
  14  0:31  Probe (Chrono Boost)  
  15  0:38  Gateway  
  16  0:43  Probe (Chrono Boost)  
  16  0:51  Probe (Chrono Boost)  
  16  0:54  Assimilator  
  17  0:58  Probe  
  18  1:07  Pylon  
  18  1:10  Probe  
  19  1:22  Probe  
  19  1:25  Cybernetics Core  
  20  1:29  Assimilator  
  20  1:34  Probe (Chrono Boost)  
  20  1:39  Zealot  
  23  1:46  Probe (Chrono Boost)  
  24  1:52  Probe (Chrono Boost)  
  25  2:01  Warp Gate (Chrono Boost)  
  25  2:05  Probe  
  26  2:19  Robotics Facility  
  26  2:20  Probe  
  26  2:21  Stalker  
  29  2:31  Pylon  
  29  2:34  Probe  
  30  2:46  Probe  
  31  2:53  Twilight Council  
  31  3:00  Probe, Gateway x2  
  32  3:14  Observer (Chrono Boost)  
  32  3:19  Probe  
  34  3:30  Charge  
  34  3:32  Pylon  
  33  3:38  Probe  
  34  3:42  Pylon  
  34  3:43  Immortal (Chrono Boost)  
  38  3:50  Probe  
  39  3:58  Gateway  
  39  4:01  Sentry  
  41  4:05  Pylon, Zealot  
  43  4:17  Stalker  
  43  4:20  Probe  
  46  4:27  Forge  
  46  4:32  Stalker  
  46  4:34  Sentry  
  50  5:02  Sentry x2, Nexus  
  50  5:04  Zealot  
  56  5:30  Probe  
  57  5:39  Gateway  
  57  5:40  Gateway  
  57  5:42  Probe, Gateway  
  58  5:43  Stalker  
  58  5:45  Sentry  
  62  5:52  Pylon  
  62  5:54  Probe  
  62  5:55  Protoss Ground Weapons Level 1 (Chrono Boost)  
  63  6:10  Probe (Chrono Boost)  
  64  6:14  Pylon  
  65  6:20  Probe (Chrono Boost)  
  65  6:22  Probe (Chrono Boost)  
  66  6:31  Probe (Chrono Boost)  
  68  6:32  Assimilator  
  68  6:35  Probe (Chrono Boost)  
  68  6:36  Assimilator  
  68  6:42  Stalker x3  
  68  6:44  Sentry  
  68  6:45  Adept  
  82  6:54  Immortal  
  82  7:02  Shield Battery  
  82  7:06  Photon Cannon  
  82  7:09  Shield Battery  
  82  7:11  Zealot  
  82  7:13  Sentry  
  86  7:29  Zealot  
  88  7:30  Zealot x3  
  94  7:50  Pylon  
  94  7:52  Photon Cannon  
  94  7:55  Photon Cannon  
  94  7:58  Probe x2  
  96  8:31  Robotics Bay  
Show
View Real Time Build Order
Export as new Build Order

RedPyro Terran 

Build Orders:  

Get SALT Encoding   

  12  0:15  Supply Depot  
  12  0:23  Supply Depot  
  12  0:25  SCV  
  13  0:38  SCV  
  14  0:46  Barracks  
  14  1:00  SCV, Refinery  
  15  1:13  SCV  
  16  1:25  Barracks, SCV  
  17  1:37  SCV  
  18  1:49  SCV  
  19  2:14  Command Center  
  19  2:19  SCV  
  20  2:31  SCV  
  20  2:39  Barracks Tech Lab  
  20  2:43  SCV  
  21  2:49  Supply Depot  
  21  2:55  SCV  
  22  3:00  Marauder  
  24  3:08  SCV  
  25  3:20  SCV  
  25  3:22  Marauder  
  25  3:24  Supply Depot  
  28  3:32  SCV  
  29  3:43  Marauder  
  29  3:44  Supply Depot, SCV  
  32  3:56  Bunker, SCV  
  33  4:04  Marauder  
  35  4:18  Barracks  
  35  4:22  Refinery  
  35  4:26  Marauder  
  35  4:29  SCV  
  38  4:41  SCV  
  39  4:47  Marauder  
  41  4:53  SCV  
  41  4:58  Refinery  
  42  5:05  SCV  
  43  5:07  Supply Depot  
  43  5:08  Marauder  
  43  5:17  SCV  
  40  5:30  Marauder  
  42  5:49  Marine, Engineering Bay  
  43  5:52  Marine  
  44  6:07  Marine  
  44  6:11  Marauder  
  47  6:25  Marine  
  48  6:28  SCV  
  48  6:32  Marauder  
  51  6:40  SCV  
  51  6:43  Marine  
  53  6:52  SCV  
  53  6:53  Marauder  
  56  7:00  Marine  
  57  7:04  SCV, Refinery, Engineering Bay  
  58  7:15  Marauder  
  60  7:16  SCV  
  60  7:18  Marine  
  62  7:23  SCV  
  62  7:29  SCV  
  64  7:35  SCV  
  65  7:41  SCV  
  66  7:46  Factory  
  66  7:47  SCV  
  67  7:55  SCV  
  49  8:07  SCV  
Tags
 
League
Silver
Matchup
PvT
Replay Pack
Last Remnant (2)
Spawn Locations
Cross Positions
Add a new tag
Caveats
  • Supply blocks, unpowered buildings, or Contaminate may cause inaccurate times.
  • Supply counts are checked every 10 seconds.